Description

Build with expansion first followed by a marine hellbat attack into basic bio widowmine and mine drops. enjoy

Replay - Maru v Rogue: Game 1 - Deathaura LE

Build Order

Get SALT Encoding   

  12  0:00  SCV  
  13  0:12  SCV  
  14  0:16  Supply Depot  
  14  0:24  SCV  
  15  0:38  SCV  
  16  0:50  SCV  
  17  0:59  Command Center  
  17  1:02  SCV  
  18  1:11  Barracks  
  18  1:15  SCV  
  19  1:21  Refinery  
  19  1:27  SCV  
  19  1:28  Refinery  
  20  1:39  SCV  
  21  1:42  Barracks  
  21  1:51  SCV  
  22  2:00  Barracks Reactor  
  22  2:03  Orbital Command  
  22  2:13  Orbital Command  
  22  2:35  Marine x2  
  22  2:36  Barracks Tech Lab, Supply Depot  
  27  2:47  Factory  
  27  2:56  Marine x3  
  31  3:02  Stimpack  
  34  3:14  Marine x3  
  39  3:20  Supply Depot  
  39  3:31  Marine x2  
  39  3:33  Starport  
  42  3:35  Factory Reactor  
  44  3:43  Supply Depot  
  49  4:00  Supply Depot  
  60  4:17  Hellion x2  
  60  4:22  Medivac  
  60  4:24  Armory  
  70  4:38  Hellion x2  
  70  4:42  Command Center  
  70  4:45  Combat Shield  
  71  4:58  Starport Reactor  
  76  5:09  Factory  
  76  5:12  Factory Tech Lab  
  79  5:17  Refinery x2  
  81  5:31  Drilling Claws  
  81  5:32  Widow Mine  
  85  5:38  Medivac x2  
  90  5:49  Engineering Bay x2  
  92  5:55  Widow Mine x3  
  98  6:03  Orbital Command  
  102  6:16  Widow Mine x3  
  106  6:23  Terran Infantry Weapons Level 1  
  106  6:24  Terran Infantry Armor Level 1  
  108  6:29  Orbital Command  
  110  6:36  Medivac x2  
  116  6:48  Widow Mine x3  
  112  7:15  Siege Tank  
  120  7:24  Marauder  
  120  7:29  Barracks x3  
  119  7:45  Marauder  
  107  8:13  Marauder  
  105  8:22  Barracks Reactor x3  
  105  8:25  Terran Infantry Armor Level 2, Terran Infantry Weapons Level 2  
  108  8:29  Medivac x2  
  113  8:38  Command Center  
  115  8:46  Marauder  
  122  8:55  Siege Tank  
  122  8:57  Refinery x2  
  122  8:59  Medivac x2  
  130  9:07  Marauder  
  143  9:27  Barracks x3  
  143  9:29  Marauder  
  143  9:30  Siege Tank  
  154  9:46  Terran Vehicle Weapons Level 1  
  154  9:50  Marauder  
  171  10:11  Marauder  
  171  10:12  Siege Tank  
  180  10:15  Factory  
  180  10:18  Barracks Tech Lab x3  
  180  10:20  Sensor Tower  
  184  10:24  Missile Turret  
  184  10:32  Planetary Fortress  
  184  10:33  Marauder  
  184  10:41  Refinery  
  182  10:44  Concussive Shells, Marauder  
  182  10:49  Refinery  
  189  10:52  Command Center  
  189  11:00  Factory Tech Lab  
  191  11:10  Terran Infantry Weapons Level 3, Terran Infantry Armor Level 3  
  187  11:24  Medivac  
  189  11:28  Command Center  
  197  11:41  Ghost Academy  
  197  11:54  Siege Tank  
  197  11:56  Command Center  
  197  12:00  Factory  
  199  12:21  Command Center  
  180  12:39  Siege Tank x2  
  180  12:44  Personal Cloaking, Factory Tech Lab  
  185  12:47  Planetary Fortress  
  184  12:52  Ghost x2  
  194  12:58  Command Center x2  
  194  13:03  Ghost  
  192  13:10  Orbital Command  
  196  13:12  Siege Tank  
  196  13:16  Refinery x2  
  196  13:28  Sensor Tower, Ghost x2  
  200  13:36  Command Center  
  200  13:38  Orbital Command x2  
Spawning Tool Build Advisor. Get it on Overwolf

Go to:

Details

  • Created by: lucahecker
  • Published on: Apr 01, 2021
  • Modified on: Apr 01, 2021
  • Patch: 4.11.0
  • Difficulty: Hard
Show
View Real Time Build Order
Export as new Build Order

Comments (0)

There are no comments. Be the first!

Create an account to comment!